[Event "GER-chT Youth Countries 2018"]
[Site "Wurzburg"]
[Date "2018.10.03"]
[Round "2"]
[White "Werner, Denis"]
[Black "Boehm, Jana"]
[Result "0-1"]
[ECO "C11"]
[WhiteElo "1817"]
[BlackElo "2001"]
[Annotator "NA"]
[PlyCount "98"]
[EventDate "2018.10.02"]
[EventType "team-tourn"]
[EventCountry "GER"]
[SourceTitle "playchess.com"]
[Source "ChessBase"]
[SourceQuality "1"]
[TimeControl "40/5400+30:1800+30"]

1. e4 e6 2. Nf3 d5 3. Nc3 Nf6 4. e5 Nfd7 5. d4 c5 6. dxc5 Nc6 7. Bf4 Bxc5 8. Bd3 f6 9. exf6 Nxf6 10. O-O O-O 11. Ne5 Bd7 12. Qe2 Qe7 13. Rae1 Rae8 14. Bg3 a6 15. Bh4 Nxe5 16. Qxe5 Bd6 17. Qe2 Bc6 18. f4 Qc7 19. Qe3 e5 20. fxe5 Bxe5 21. Qh3 Bd7 22. Bf5 Bxf5 23. Rxf5 Bd4+ 24. Kh1 Bxc3 25. Qxc3 Qxc3 26. bxc3 Rxe1+ 27. Bxe1 Re8 28. Bh4 Kf7 29. h3 Re2 30. Bxf6 Ke6 31. Re5+ Rxe5 32. Bxe5 Kxe5 33. Kg1 d4 34. c4 Kd6 35. Kf2 Kc5 36. Kf3 Kxc4 37. Ke4 b5 38. g4 b4 39. h4 Kc3 40. g5 a5 41. h5 a4 42. h6 gxh6 43. gxh6 b3 44. cxb3 axb3 45. axb3 d3 46. b4 d2 47. Kd5 Kxb4 48. Ke6 d1=Q 49. Kf7 Qg4 0-1

[Event "GER-chT Youth Countries 2018"]
[Site "Wurzburg"]
[Date "2018.10.03"]
[Round "2"]
[White "Fock, Amina"]
[Black "Genova, Magdalina"]
[Result "1-0"]
[ECO "B23"]
[WhiteElo "1816"]
[BlackElo "1425"]
[Annotator "NA"]
[PlyCount "87"]
[EventDate "2018.10.02"]
[EventType "team-tourn"]
[EventCountry "GER"]
[SourceTitle "playchess.com"]
[Source "ChessBase"]
[SourceQuality "1"]
[TimeControl "40/5400+30:1800+30"]

1. e4 c5 2. Nc3 d6 3. f4 Nf6 4. Nf3 a6 5. a4 b6 6. Bc4 e6 7. Qe2 Bb7 8. e5 Nfd7 9. exd6 Bxd6 10. f5 O-O 11. fxe6 fxe6 12. Qxe6+ Kh8 13. Qxd6 Bxf3 14. gxf3 Qh4+ 15. Qg3 Qxc4 16. d3 Qe6+ 17. Ne4 Nc6 18. O-O Nd4 19. Qg2 Rae8 20. b3 Nf6 21. Be3 Nd5 22. Rae1 Nf4 23. Bxf4 Rxf4 24. Qg3 Nxf3+ 25. Kh1 Nxe1 26. Qxf4 Nxc2 27. Qf8+ Rxf8 28. Rxf8+ Qg8 29. Rxg8+ Kxg8 30. a5 b5 31. Nxc5 Nb4 32. Kg2 Kf7 33. Kf3 Kf6 34. Ke4 g5 35. d4 h6 36. d5 Ke7 37. Ke5 Ke8 38. Ke6 Kf8 39. d6 Nc6 40. Kd7 Nxa5 41. Kc7 Nc6 42. Kxc6 Ke8 43. d7+ Kd8 44. Nb7+ 1-0

[Event "GER-chT Youth Countries 2018"]
[Site "Wurzburg"]
[Date "2018.10.03"]
[Round "2"]
[White "Reitz, Theresa"]
[Black "Laux, Dominik"]
[Result "1/2-1/2"]
[ECO "A06"]
[WhiteElo "1788"]
[BlackElo "1987"]
[Annotator "NA"]
[PlyCount "88"]
[EventDate "2018.10.02"]
[EventType "team-tourn"]
[EventCountry "GER"]
[SourceTitle "playchess.com"]
[Source "ChessBase"]
[SourceQuality "1"]
[TimeControl "40/5400+30:1800+30"]

1. Nf3 d5 2. g3 Nf6 3. Bg2 e6 4. O-O Be7 5. d4 O-O 6. c4 c6 7. Nc3 b6 8. b3 Nbd7 9. Bb2 Ba6 10. Nd2 Rc8 11. Rc1 b5 12. Re1 Nb6 13. c5 b4 14. cxb6 bxc3 15. Bxc3 Qxb6 16. e4 Rfd8 17. Bb2 Bb4 18. e5 Nd7 19. Bf1 Bxf1 20. Rxf1 Qa5 21. Rc2 Qxa2 22. Bc3 Qa5 23. Bxb4 Qxb4 24. Qa1 Rc7 25. Rfc1 Rdc8 26. Qa6 Qb6 27. Qd3 c5 28. dxc5 Rxc5 29. Rxc5 Rxc5 30. Rxc5 Qxc5 31. Nf3 h6 32. Kg2 Qb6 33. Qc3 Nc5 34. Nd2 a5 35. Qd4 Qb5 36. Qc3 a4 37. bxa4 Nxa4 38. Qc8+ Kh7 39. Qc2+ g6 40. Qc7 Qe8 41. Nf3 Nb2 42. h4 Nc4 43. Nh2 Kg7 44. Ng4 Qf8 1/2-1/2

[Event "GER-chT Youth Countries 2018"]
[Site "Wurzburg"]
[Date "2018.10.03"]
[Round "2"]
[White "Lutz, Adam"]
[Black "Basovskiy, Jana"]
[Result "1-0"]
[ECO "B40"]
[WhiteElo "1787"]
[BlackElo "1772"]
[Annotator "NA"]
[PlyCount "85"]
[EventDate "2018.10.02"]
[EventType "team-tourn"]
[EventCountry "GER"]
[SourceTitle "playchess.com"]
[Source "ChessBase"]
[SourceQuality "1"]
[TimeControl "40/5400+30:1800+30"]

1. e4 c5 2. Nf3 e6 3. d4 cxd4 4. Nxd4 Nf6 5. Nc3 Nc6 6. Be3 Bb4 7. Bd3 d5 8. Nxc6 bxc6 9. Bd2 O-O 10. O-O Bb7 11. Nxd5 Nxd5 12. exd5 Qxd5 13. Bxb4 c5 14. Bxh7+ Kxh7 15. Qxd5 Bxd5 16. Bxc5 Rfc8 17. b4 a5 18. a3 Kg6 19. f3 Rc6 20. Rfd1 axb4 21. axb4 Rca6 22. Rxa6 Rxa6 23. Rc1 Bc4 24. Kf2 Ra3 25. Ke1 Ra8 26. Kd2 Ra3 27. Rb1 Bb5 28. Bd4 Ra8 29. Ra1 Rxa1 30. Bxa1 f6 31. Kc3 e5 32. Kb3 Kf5 33. c4 Bd7 34. b5 Ke6 35. Kb4 Kd6 36. Bc3 Bc8 37. Be1 Bb7 38. Bf2 Bc8 39. Bc5+ Kd7 40. Ka5 Kc7 41. Bf8 g6 42. Bg7 f5 43. Bxe5+ 1-0

[Event "GER-chT Youth Countries 2018"]
[Site "Wurzburg"]
[Date "2018.10.03"]
[Round "2"]
[White "Roessel, Gino"]
[Black "Grining, Maria"]
[Result "0-1"]
[ECO "B15"]
[WhiteElo "1778"]
[BlackElo "1572"]
[Annotator "NA"]
[PlyCount "82"]
[EventDate "2018.10.02"]
[EventType "team-tourn"]
[EventCountry "GER"]
[SourceTitle "playchess.com"]
[Source "ChessBase"]
[SourceQuality "1"]
[TimeControl "40/5400+30:1800+30"]

1. e4 c6 2. d4 d5 3. Nc3 dxe4 4. Nxe4 Nf6 5. Nxf6+ exf6 6. Nf3 Bd6 7. Bd3 O-O 8. O-O Be6 9. c3 Nd7 10. Qc2 g6 11. Re1 Re8 12. Be3 Bd5 13. h3 Bxf3 14. gxf3 Qc7 15. Kg2 Bf4 16. Qd2 Bd6 17. Rg1 Bh2 18. Rh1 Bd6 19. Rag1 b5 20. Kf1 Nb6 21. h4 Nc4 22. Bxc4 bxc4 23. h5 Rab8 24. hxg6 fxg6 25. Qc2 Qf7 26. f4 f5 27. Rh5 Rf8 28. Rh6 Rb7 29. Bc1 Re7 30. Qa4 Qd5 31. Rg3 Rfe8 32. Be3 Bxf4 33. Rgh3 Bxh6 34. Rxh6 f4 35. Bd2 Rf7 36. Qa6 Qe6 37. Kg1 f3 38. Rh4 Rf5 39. Qxa7 Rh5 40. Rh2 Rxh2 41. Kxh2 Qg4 0-1

[Event "GER-chT Youth Countries 2018"]
[Site "Wurzburg"]
[Date "2018.10.03"]
[Round "2"]
[White "Genov, Valentin"]
[Black "Wiesner, Paula"]
[Result "0-1"]
[ECO "D31"]
[WhiteElo "1756"]
[BlackElo "1969"]
[Annotator "NA"]
[PlyCount "54"]
[EventDate "2018.10.02"]
[EventType "team-tourn"]
[EventCountry "GER"]
[SourceTitle "playchess.com"]
[Source "ChessBase"]
[SourceQuality "1"]
[TimeControl "40/5400+30:1800+30"]

1. d4 d5 2. c4 c6 3. Nc3 e6 4. Nf3 dxc4 5. a4 Bb4 6. e4 b5 7. Bg5 Ne7 8. Be2 Bb7 9. O-O a6 10. Ne5 O-O 11. Bg4 Nd7 12. f4 Nxe5 13. fxe5 Qd7 14. Be3 Qc7 15. Qe2 Rad8 16. Qf2 c5 17. axb5 cxd4 18. Bxd4 Rxd4 19. Qxd4 Bc5 20. Rad1 Bxd4+ 21. Rxd4 Qc5 22. Rfd1 Rd8 23. Ne2 axb5 24. Kh1 Rxd4 25. Rxd4 Qc7 26. Nc3 Bc6 27. h3 h6 0-1

[Event "GER-chT Youth Countries 2018"]
[Site "Wurzburg"]
[Date "2018.10.03"]
[Round "2"]
[White "Liu, Sijia Anna"]
[Black "Bashylina, Luisa"]
[Result "0-1"]
[ECO "B43"]
[WhiteElo "1730"]
[BlackElo "1837"]
[Annotator "NA"]
[PlyCount "64"]
[EventDate "2018.10.02"]
[EventType "team-tourn"]
[EventCountry "GER"]
[SourceTitle "playchess.com"]
[Source "ChessBase"]
[SourceQuality "1"]
[TimeControl "40/5400+30:1800+30"]

1. e4 c5 2. Nf3 a6 3. Nc3 e6 4. d4 cxd4 5. Nxd4 Qc7 6. Be2 Nf6 7. a3 b5 8. Bf3 Bb7 9. Qd3 d6 10. O-O Be7 11. Be3 O-O 12. h3 Nbd7 13. Qe2 Ne5 14. g4 Nxf3+ 15. Qxf3 d5 16. exd5 Nxd5 17. Bd2 Bd6 18. Ne4 Nf6 19. Rfe1 Nxe4 20. Rxe4 Bxe4 21. Qxe4 Rac8 22. Bc3 Rfd8 23. Rf1 Bxa3 24. f4 Bc5 25. b4 Bb6 26. Ba1 Qxc2 27. Qe3 Qc4 28. Rd1 Qxb4 29. Qe5 Rc4 30. Kh2 Bxd4 31. Rxd4 Rcxd4 32. Bxd4 Qxd4 0-1

[Event "GER-chT Youth Countries 2018"]
[Site "Wurzburg"]
[Date "2018.10.03"]
[Round "2"]
[White "Braeutigam, Katerina"]
[Black "Schwenke, Mia"]
[Result "1-0"]
[ECO "A15"]
[WhiteElo "1696"]
[BlackElo "1203"]
[Annotator "NA"]
[PlyCount "93"]
[EventDate "2018.10.02"]
[EventType "team-tourn"]
[EventCountry "GER"]
[SourceTitle "playchess.com"]
[Source "ChessBase"]
[SourceQuality "1"]
[TimeControl "40/5400+30:1800+30"]

1. c4 Nf6 2. g3 g6 3. Bg2 Bg7 4. Nf3 d6 5. Nc3 O-O 6. O-O e5 7. d3 Nc6 8. Qd2 h6 9. a3 a5 10. Rb1 Be6 11. b4 axb4 12. axb4 Qd7 13. b5 Nd4 14. e3 Nxf3+ 15. Bxf3 c6 16. bxc6 bxc6 17. Qc2 Bh3 18. Bg2 Bxg2 19. Kxg2 Ne8 20. Bd2 f5 21. Rb3 g5 22. f4 Nf6 23. Rfb1 Qc8 24. Rb7 c5 25. R7b6 Nd7 26. Nd5 Re8 27. Rxd6 Rb8 28. Rxb8 Nxb8 29. Rb6 Nd7 30. Rb5 Qc6 31. Kf2 g4 32. Kg1 Kh8 33. Bc3 Kh7 34. fxe5 Bxe5 35. Bxe5 Rxe5 36. Qb1 Kg6 37. Rb7 Kh5 38. Rxd7 Rxe3 39. Nf4+ Kg5 40. Rg7+ Kf6 41. Rg6+ Ke7 42. Rxc6 Kf7 43. Nd5 Re6 44. Qb7+ Kf8 45. Rc8+ Re8 46. Qe7+ Kg8 47. Rxe8# 1-0

[Event "GER-chT Youth Countries 2018"]
[Site "Wurzburg"]
[Date "2018.10.03"]
[Round "2"]
[White "Amato, Cristiano"]
[Black "Koenze, Heike"]
[Result "0-1"]
[ECO "B20"]
[WhiteElo "1661"]
[BlackElo "1845"]
[Annotator "NA"]
[PlyCount "92"]
[EventDate "2018.10.02"]
[EventType "team-tourn"]
[EventCountry "GER"]
[SourceTitle "playchess.com"]
[Source "ChessBase"]
[SourceQuality "1"]
[TimeControl "40/5400+30:1800+30"]

1. e4 c5 2. g3 d6 3. d3 Nc6 4. Bg2 g6 5. f4 e5 6. c3 Bg7 7. Nf3 Nge7 8. Na3 O-O 9. O-O Bg4 10. Be3 Qd7 11. Qd2 Bh3 12. Rad1 Bxg2 13. Kxg2 f5 14. fxe5 Nxe5 15. Nxe5 Bxe5 16. d4 cxd4 17. cxd4 Bg7 18. e5 dxe5 19. dxe5 Qc6+ 20. Kg1 Bxe5 21. Bg5 Bf6 22. Bxf6 Qxf6 23. Rfe1 Nc6 24. Qd5+ Qf7 25. Qb5 Rfe8 26. Rxe8+ Rxe8 27. Nc4 Qe6 28. b3 Re7 29. Qd5 Qxd5 30. Rxd5 Nb4 31. Rd2 Kf7 32. Kf2 h6 33. a3 Nc6 34. Rd1 Ne5 35. Nxe5+ Rxe5 36. Rd7+ Re7 37. Rd3 Ke6 38. Kf3 g5 39. a4 Rd7 40. Re3+ Kf6 41. g4 f4 42. Rc3 Ke5 43. h3 Rd2 44. Rc7 Rd3+ 45. Kg2 Rxb3 46. Rh7 Rb6 0-1

[Event "GER-chT Youth Countries 2018"]
[Site "Wurzburg"]
[Date "2018.10.03"]
[Round "2"]
[White "Haenselmann, Hendrik"]
[Black "Weimert, Miriam"]
[Result "1/2-1/2"]
[ECO "B32"]
[WhiteElo "1660"]
[BlackElo "1776"]
[Annotator "NA"]
[PlyCount "85"]
[EventDate "2018.10.02"]
[EventType "team-tourn"]
[EventCountry "GER"]
[SourceTitle "playchess.com"]
[Source "ChessBase"]
[SourceQuality "1"]
[TimeControl "40/5400+30:1800+30"]

1. e4 c5 2. Nf3 Nc6 3. d4 cxd4 4. Nxd4 e5 5. Nb5 d6 6. c4 a6 7. N5a3 Nf6 8. Nc3 Be7 9. Be2 Nd4 10. O-O O-O 11. Nc2 Nxe2+ 12. Qxe2 Qc7 13. Bg5 Be6 14. Ne3 Rfc8 15. Bxf6 Bxf6 16. Ncd5 Qd8 17. Rac1 Bg5 18. Rfd1 Rc6 19. Rc2 Rac8 20. b3 Bxe3 21. Nxe3 Qg5 22. Rcd2 Rd8 23. Nd5 f5 24. exf5 Bxf5 25. f4 exf4 26. Ne7+ Kf8 27. Nxc6 Re8 28. Qf2 bxc6 29. Rxd6 Bg4 30. Rf1 f3 31. Kh1 Kg8 32. gxf3 Bh5 33. Qg3 Qe3 34. Rd7 g6 35. Qf2 Qf4 36. Rd4 Qf5 37. Rd6 Rf8 38. f4 Qe4+ 39. Qg2 Qe3 40. Rxc6 Rxf4 41. Rxf4 Qxf4 42. Qd5+ Kg7 43. Kg1 1/2-1/2

[Event "GER-chT Youth Countries 2018"]
[Site "Wurzburg"]
[Date "2018.10.03"]
[Round "2"]
[White "Wagner, Margarethe"]
[Black "Puls, Luisa"]
[Result "1-0"]
[ECO "B76"]
[WhiteElo "1643"]
[BlackElo "1456"]
[Annotator "NA"]
[PlyCount "39"]
[EventDate "2018.10.02"]
[EventType "team-tourn"]
[EventCountry "GER"]
[SourceTitle "playchess.com"]
[Source "ChessBase"]
[SourceQuality "1"]
[TimeControl "40/5400+30:1800+30"]

1. e4 c5 2. Nf3 d6 3. d4 cxd4 4. Nxd4 Nf6 5. Nc3 g6 6. f3 Bg7 7. Be3 O-O 8. Qd2 Nc6 9. O-O-O a6 10. g4 Qc7 11. h4 b5 12. h5 b4 13. Nce2 Nxd4 14. Nxd4 Qa5 15. hxg6 fxg6 16. Bc4+ Kh8 17. Bh6 Bxh6 18. Qxh6 Bxg4 19. fxg4 g5 20. Nf5 1-0

[Event "GER-chT Youth Countries 2018"]
[Site "Wurzburg"]
[Date "2018.10.03"]
[Round "2"]
[White "Roncea, Andrea-Alexandra"]
[Black "Butenandt, Svenja"]
[Result "0-1"]
[ECO "B40"]
[WhiteElo "1515"]
[BlackElo "1810"]
[Annotator "NA"]
[PlyCount "48"]
[EventDate "2018.10.02"]
[EventType "team-tourn"]
[EventCountry "GER"]
[SourceTitle "playchess.com"]
[Source "ChessBase"]
[SourceQuality "1"]
[TimeControl "40/5400+30:1800+30"]

1. e4 c5 2. Nf3 e6 3. c3 Nc6 4. Bb5 Qc7 5. O-O a6 6. Ba4 b5 7. Bc2 Nf6 8. Re1 d6 9. d4 Bb7 10. e5 dxe5 11. dxe5 Rd8 12. Qe2 Nd5 13. Bg5 Be7 14. Nbd2 Bxg5 15. Nxg5 Nf4 16. Qe3 Qxe5 17. Qxe5 Nxe5 18. Nxe6 Nxe6 19. Rxe5 Rxd2 20. Bf5 Rxb2 21. Bxe6 fxe6 22. Rxc5 Kd7 23. Rd1+ Bd5 24. c4 Kd6 0-1

[Event "GER-chT Youth Countries 2018"]
[Site "Wurzburg"]
[Date "2018.10.03"]
[Round "2"]
[White "Bress, Amy Charlize"]
[Black "Langer, Paul Georg"]
[Result "1/2-1/2"]
[ECO "B92"]
[WhiteElo "1464"]
[BlackElo "1348"]
[Annotator "NA"]
[PlyCount "127"]
[EventDate "2018.10.02"]
[EventType "team-tourn"]
[EventCountry "GER"]
[SourceTitle "playchess.com"]
[Source "ChessBase"]
[SourceQuality "1"]
[TimeControl "40/5400+30:1800+30"]

1. e4 c5 2. Nf3 d6 3. d4 cxd4 4. Nxd4 Nf6 5. Nc3 a6 6. Be2 e5 7. Nf3 Be7 8. O-O O-O 9. a4 Be6 10. h3 Nbd7 11. Be3 Qc7 12. Nd2 Rfc8 13. Kh1 d5 14. exd5 Nxd5 15. Nxd5 Bxd5 16. Nf3 Be6 17. c3 Rd8 18. Qc1 Rac8 19. Rd1 Bc5 20. Bxc5 Nxc5 21. Qe3 f6 22. Nd2 Nb3 23. Nxb3 Bxb3 24. Rxd8+ Rxd8 25. Qc1 Qd7 26. a5 Qd2 27. Qxd2 Rxd2 28. Bf3 Bd5 29. Rd1 Rxd1+ 30. Bxd1 Kf7 31. Kh2 Ke6 32. Kg3 Kd6 33. Bf3 e4 34. Be2 Ke5 35. Kh2 f5 36. Kg1 f4 37. Kf1 e3 38. Bf3 Bxf3 39. gxf3 g6 40. Ke2 exf2 41. Kxf2 Kd5 42. b3 Kc5 43. Ke2 Kb5 44. Kd3 Kxa5 45. Ke4 b5 46. Kxf4 b4 47. c4 Kb6 48. Ke4 Kc5 49. h4 a5 50. Kd3 h6 51. f4 h5 52. Ke3 a4 53. bxa4 Kxc4 54. Kd2 b3 55. a5 Kb5 56. a6 Kxa6 57. Kc3 Kb6 58. Kxb3 Kc6 59. Kc4 Kd6 60. Kd4 Ke6 61. Ke4 Kf6 62. Ke3 Kf5 63. Kf3 Ke6 64. Ke4 {Ke5+} 1/2-1/2

[Event "GER-chT Youth Countries 2018"]
[Site "Wurzburg"]
[Date "2018.10.03"]
[Round "2"]
[White "Kageler, Anton Paul"]
[Black "Mundt, Alexandra"]
[Result "1-0"]
[ECO "B02"]
[WhiteElo "1459"]
[BlackElo "1679"]
[Annotator "NA"]
[PlyCount "71"]
[EventDate "2018.10.02"]
[EventType "team-tourn"]
[EventCountry "GER"]
[SourceTitle "playchess.com"]
[Source "ChessBase"]
[SourceQuality "1"]
[TimeControl "40/5400+30:1800+30"]

1. e4 Nf6 2. Nc3 d5 3. e5 d4 4. exf6 dxc3 5. bxc3 gxf6 6. d4 e5 7. Bc4 Nc6 8. Ne2 Bf5 9. O-O Qd7 10. Be3 O-O-O 11. Rb1 Rg8 12. Qc1 Na5 13. Bb5 c6 14. Ba4 Be7 15. Bb3 Nxb3 16. Rxb3 Be6 17. Rb1 Bc4 18. Re1 Bxe2 19. Rxe2 Qg4 20. Qf1 h5 21. dxe5 fxe5 22. Bxa7 e4 23. Re3 Bd6 24. Rbe1 f5 25. Kh1 Rg6 26. Bc5 Bf4 27. R3e2 Bd2 28. Rd1 Bxc3 29. Rxd8+ Kxd8 30. f3 exf3 31. Qd1+ Bd4 32. Bxd4 fxe2 33. Bf6+ Ke8 34. Qd8+ Kf7 35. Qe7+ Kg8 36. Qe8+ 1-0

[Event "GER-chT Youth Countries 2018"]
[Site "Wurzburg"]
[Date "2018.10.03"]
[Round "2"]
[White "Fischer, Darja"]
[Black "Pohle, Saskia"]
[Result "1-0"]
[ECO "C48"]
[WhiteElo "1456"]
[BlackElo "1690"]
[Annotator "NA"]
[PlyCount "97"]
[EventDate "2018.10.02"]
[EventType "team-tourn"]
[EventCountry "GER"]
[SourceTitle "playchess.com"]
[Source "ChessBase"]
[SourceQuality "1"]
[TimeControl "40/5400+30:1800+30"]

1. e4 e5 2. Nf3 Nc6 3. Nc3 Nf6 4. Bb5 Nd4 5. O-O Nxb5 6. Nxb5 d6 7. d3 Be7 8. Be3 O-O 9. h3 a6 10. Nc3 h6 11. Re1 Be6 12. d4 exd4 13. Nxd4 Bd7 14. Qd2 Nh7 15. Re2 f5 16. exf5 Bxf5 17. Rae1 Bg5 18. Bxg5 Qxg5 19. Qxg5 Nxg5 20. Nxf5 Rxf5 21. Re7 Rf7 22. Kf1 Kf8 23. Rxf7+ Nxf7 24. Re4 Ne5 25. f4 Nc6 26. Nd5 Rc8 27. Ke2 Na7 28. Kd3 c6 29. Nc3 Re8 30. g4 Rxe4 31. Kxe4 Kf7 32. h4 Nc8 33. h5 Nb6 34. b3 Nd7 35. Kf5 d5 36. g5 Nc5 37. Ke5 Ne6 38. gxh6 gxh6 39. Ne2 Ng7 40. Ng3 Ke7 41. a4 a5 42. Nf5+ Nxf5 43. Kxf5 Kf7 44. Ke5 Ke7 45. c4 dxc4 46. bxc4 b5 47. cxb5 cxb5 48. axb5 a4 49. Kd4 1-0

[Event "GER-chT Youth Countries 2018"]
[Site "Wurzburg"]
[Date "2018.10.03"]
[Round "2"]
[White "Ruhmke, Rebecca"]
[Black "Kluehs, Gustaf"]
[Result "0-1"]
[ECO "B30"]
[WhiteElo "1399"]
[BlackElo "1775"]
[Annotator "NA"]
[PlyCount "44"]
[EventDate "2018.10.02"]
[EventType "team-tourn"]
[EventCountry "GER"]
[SourceTitle "playchess.com"]
[Source "ChessBase"]
[SourceQuality "1"]
[TimeControl "40/5400+30:1800+30"]

1. e4 c5 2. Nf3 Nc6 3. Bc4 e6 4. d4 cxd4 5. Nxd4 Nf6 6. Bg5 Qa5+ 7. Bd2 Qc5 8. Bd3 Qxd4 9. Bc3 Qb6 10. O-O Be7 11. Kh1 d6 12. Nd2 Ne5 13. f4 Neg4 14. Qf3 e5 15. Nc4 Qc5 16. f5 b5 17. b3 bxc4 18. Bxc4 Qe3 19. Bd3 Qxf3 20. Rxf3 Bb7 21. Re1 d5 22. Rg3 dxe4 0-1

[Event "GER-chT Youth Countries 2018"]
[Site "Wurzburg"]
[Date "2018.10.03"]
[Round "2"]
[White "Nguyen, Jenny Ha-Linh"]
[Black "Schulz, Hannah"]
[Result "0-1"]
[ECO "B13"]
[WhiteElo "1230"]
[BlackElo "1527"]
[Annotator "NA"]
[PlyCount "66"]
[EventDate "2018.10.02"]
[EventType "team-tourn"]
[EventCountry "GER"]
[SourceTitle "playchess.com"]
[Source "ChessBase"]
[SourceQuality "1"]
[TimeControl "40/5400+30:1800+30"]

1. e4 c6 2. d4 d5 3. exd5 cxd5 4. c4 Nc6 5. Nf3 Bg4 6. Be2 Nf6 7. Nc3 g6 8. O-O Bg7 9. Be3 O-O 10. h3 Be6 11. cxd5 Nxd5 12. Rc1 Nxc3 13. Rxc3 Nb4 14. a3 Nd5 15. Rc1 Qb6 16. Qd2 Nxe3 17. fxe3 Rad8 18. Bd3 Bh6 19. Qe2 Bd7 20. Bc4 Bf5 21. Qf2 Be6 22. Bxe6 Qxe6 23. Rfe1 Rc8 24. Rcd1 Qb3 25. Rd2 Rc7 26. Rde2 Rfc8 27. Ne5 f6 28. Nf3 Rc2 29. Rxc2 Rxc2 30. Qf1 Rxb2 31. e4 Be3+ 32. Kh1 Rf2 33. Qg1 Rxf3 0-1

[Event "GER-chT Youth Countries 2018"]
[Site "Wurzburg"]
[Date "2018.10.03"]
[Round "2"]
[White "Praus, Pia-Rosa"]
[Black "Hubert, Charlotte"]
[Result "0-1"]
[ECO "D00"]
[WhiteElo "1150"]
[BlackElo "1376"]
[Annotator "NA"]
[PlyCount "96"]
[EventDate "2018.10.02"]
[EventType "team-tourn"]
[EventCountry "GER"]
[SourceTitle "playchess.com"]
[Source "ChessBase"]
[SourceQuality "1"]
[TimeControl "40/5400+30:1800+30"]

1. d4 d5 2. Bf4 Nf6 3. e3 e6 4. c3 Nbd7 5. Nd2 b6 6. Ngf3 Bb7 7. Bd3 Be7 8. Qc2 c5 9. Ne5 O-O 10. Ndf3 Rc8 11. O-O Ne4 12. Bb5 Ndf6 13. Bd3 c4 14. Be2 Nh5 15. Bg3 Nhxg3 16. hxg3 Qc7 17. Nd2 Nxd2 18. Qxd2 b5 19. Rfc1 f6 20. Nf3 Qb6 21. b3 cxb3 22. axb3 a6 23. b4 Rc6 24. Qd3 Rfc8 25. Qd2 Qc7 26. Ra3 Bxb4 27. Rb3 Bxc3 28. Qa2 b4 29. Qb1 a5 30. Bb5 Rb6 31. Ba4 Bc6 32. Rcxc3 bxc3 33. Rxb6 Bxa4 34. Rb7 Qc6 35. Rb8 c2 36. Rxc8+ Qxc8 37. Qc1 Bb3 38. Nd2 Qb7 39. Qb2 a4 40. Kh2 Qb4 41. Nf3 a3 42. Qc1 a2 43. Qb2 Qa4 44. Qa1 Qa3 45. Qc3 c1=Q 46. Qd3 Bc4 47. Qxa3 Qxa3 48. Kh3 a1=Q 0-1

[Event "GER-chT Youth Countries 2018"]
[Site "Wurzburg"]
[Date "2018.10.04"]
[Round "3"]
[White "Parvanyan, Ashot"]
[Black "Nothnagel, Marian Can"]
[Result "1/2-1/2"]
[ECO "C41"]
[WhiteElo "2428"]
[BlackElo "2341"]
[Annotator "NA"]
[PlyCount "96"]
[EventDate "2018.10.03"]
[EventType "team-tourn"]
[EventCountry "GER"]
[SourceTitle "playchess.com"]
[Source "ChessBase"]
[SourceQuality "1"]
[TimeControl "40/5400+30:1800+30"]

1. e4 e5 2. Nf3 d6 3. d4 exd4 4. Nxd4 Nf6 5. Nc3 Be7 6. g3 O-O 7. Bg2 Nc6 8. O-O Bg4 {[%emt 0:03:37] C41: Philidor Defence} (8... Nxd4 9. Qxd4 Be6 10. Bf4 Re8 11. Rad1 Qc8 12. Rfe1 Bh3 13. Bh1 Nd7 14. Nd5 Bf8 15. Bd2 Ne5 16. f4 {½-½ (37) Ragger,M (2659)-Schneider,I (2506) Germany 2017}) 9. Nxc6 bxc6 10. Qd3 Nd7 11. f4 Rb8 $146 ({Predecessor:} 11... Nc5 12. Qe3 Qd7 13. f5 f6 14. Qf4 {1-0 (49) Kabanov,N (2468)-Tsoi,D (2382) Voronezh 2018}) 12. Re1 Nc5 13. Qd2 Re8 14. h3 Bd7 15. b3 Bf6 16. Ba3 Ne6 17. Rad1 Be7 18. Kh2 Nf8 19. Qf2 a5 20. Bb2 Qc8 21. Ne2 Ng6 22. a4 c5 23. Ba1 Bc6 24. Nc3 Bf6 25. e5 Bxg2 26. Kxg2 dxe5 27. f5 Ne7 28. g4 {[%emt 0:00:16] [#]} c4 $1 29. Ne4 (29. bxc4 $15 Rb4 30. Qc5) 29... cxb3 30. cxb3 Qb7 ({Black should try} 30... Rxb3 $17 31. Kh2 Nc6) 31. Kh2 $1 Nd5 32. g5 Be7 $1 33. g6 {[%emt 0:10:47] [#]} (33. Qg3 $11 Bb4 34. Rg1) 33... fxg6 (33... f6 $1 $19 34. gxh7+ Kh8) 34. fxg6 hxg6 35. Qg3 {[%emt 0:01:12] [#]} (35. Bxe5 $17 {keeps fighting.} Bb4 36. Ng5) 35... Bb4 $2 (35... Qc6 $1 $19 36. Bxe5 Bb4) 36. Qxg6 Qb6 37. Qxb6 Rxb6 38. Rg1 Nf6 39. Nxf6+ Rxf6 40. Rd5 (40. Rg5 $15) 40... c6 41. Rd7 Rf7 42. Rxf7 Kxf7 43. Kg2 e4 (43... Ke6 $17 44. Kf3 Be7) 44. Kf1 g6 45. Ke2 Re6 46. Rg4 Ke7 47. Bd4 $11 Kd6 48. Rg5 c5 1/2-1/2

[Event "GER-chT Youth Countries 2018"]
[Site "Wurzburg"]
[Date "2018.10.04"]
[Round "3"]
[White "Muckle, Julius"]
[Black "Kuznecovs, Nikita"]
[Result "1-0"]
[ECO "E47"]
[WhiteElo "2348"]
[BlackElo "2226"]
[Annotator "NA"]
[PlyCount "107"]
[EventDate "2018.10.03"]
[EventType "team-tourn"]
[EventCountry "GER"]
[SourceTitle "playchess.com"]
[Source "ChessBase"]
[SourceQuality "1"]
[TimeControl "40/5400+30:1800+30"]

1. d4 {[%emt 0:00:00] Sagar Shah} Nf6 2. c4 e6 3. Nc3 Bb4 4. e3 O-O 5. Bd3 c5 6. Nf3 b6 7. O-O Bb7 8. a3 Bxc3 9. bxc3 d6 10. Qc2 Bxf3 {[%emt 0:24:39] E43: Nimzo-Indian: Rubinstein: 4...b6} 11. gxf3 e5 12. a4 $146 ({Predecessor:} 12. d5 Re8 13. a4 a5 14. Kg2 Nbd7 15. Bd2 Nf8 16. Rh1 Nh5 17. Rag1 Qf6 18. Bf5 {0-1 (64) Gevorgyan,D (2374)-Kryvoruchko,Y (2697) Abu Dhabi 2015 EXT 2016 [Sagar Shah]}) 12... h6 13. a5 cxd4 14. axb6 Qxb6 15. Rb1 Qc6 16. cxd4 Qxf3 17. Be2 Qc6 18. f4 e4 19. Ba3 Rc8 20. Qd2 Nbd7 21. Qb4 Nb6 22. Rfc1 Qd7 23. Kg2 d5 24. c5 {[%emt 0:06:00] [#]} Nc4 $1 25. Rb3 {[%emt 0:03:09] [#]} Rab8 $1 26. Qxb8 Rxb8 (26... Nxe3+ $19 27. Kh1 Rxb8 28. Rxb8+ Kh7) 27. Rxb8+ Kh7 28. Rb3 g5 29. fxg5 {[%emt 0:00:54] [#]} Ng4 $1 ({Less strong is} 29... hxg5 30. Rf1 $15) 30. g6+ Kxg6 ({Not} 30... fxg6 31. Rcb1 $15) 31. Rg1 Kh7 $2 ({Black should try} 31... Ncxe3+ $19 32. Kh3 Kh7 33. Rxg4 (33. Bxg4 $2 Nxg4 34. Kg3 h5 $19) 33... Nxg4 34. Bxg4 f5) 32. Bc1 $1 Qf5 (32... h5 $17) 33. Rf1 Qh5 34. h3 {[%emt 0:02:17] [#]} (34. Bxg4 $1 $11 {and White is okay.} Qxg4+ 35. Kh1) 34... Ngxe3+ $1 35. Rxe3 Nxe3+ 36. Kf2 Qxh3 $2 (36... Qf5+ $19 37. Kxe3 Qxh3+ 38. Kf2 Qh2+ 39. Ke1 Qg3+ 40. Kd2 Qb3 $17 41. Rxf7+ Kg6 42. Rxa7 e3+ 43. Ke1 Qc3+ 44. Kd1 Qxd4+ 45. Ke1 Qxc5 46. Ra6+ Kg5) 37. Bxe3 f5 38. c6 f4 $2 (38... Qh2+ $11 {and Black stays safe.} 39. Ke1 Qg3+ 40. Kd2 Qc7) 39. Bxf4 Qh4+ 40. Ke3 Qh3+ 41. Kd2 Qa3 {[%emt 0:08:44] [#]} 42. Rc1 $1 Qb4+ 43. Ke3 Qa3+ 44. Kf2 Qf8 {[%emt 0:00:03] [#]} 45. Kg3 $1 Qa3+ 46. Kg2 e3 47. Rg1 Qb2 $18 48. Kf3 Qxd4 49. c7 Qe4+ 50. Kg3 Qc2 51. Bd3+ Qxd3 52. c8=Q Qg6+ 53. Kh2 Qc2+ 54. Qxc2+ 1-0